| TOP OF THE 1ST |
|
Waterloo Hawks batting - Pitching for Appleton Foxes : RHP Mike Trujillo
|
|
Pitching: RHP Mike Trujillo
|
|
|
Batting: RHB Edward Irvine
|
0-0: Ball 1-0: Ground out 4-3 (Groundball, 4, EV 82.5 MPH)
|
|
Batting: RHB Mark Sheehy
|
0-0: Ground out 5-3 (Groundball, 5S, EV 73.1 MPH)
|
|
Batting: RHB Tony Evans
|
0-0: Called Strike 0-1: Called Strike 0-2: Ball 1-2: Ground out U3 (Groundball, 34, EV 80.6 MPH)
|
| Top of the 1st over - 0 runs, 0 hits, 0 errors, 0 left on base; Waterloo 0 - Appleton 0 |
| BOTTOM OF THE 1ST |
|
Appleton Foxes batting - Pitching for Waterloo Hawks : RHP Albert Arrieta
|
|
Pitching: RHP Albert Arrieta
|
|
|
Batting: LHB Mike Woodard
|
0-0: Called Strike 0-1: Fly out, F7 (Flyball, 7S, EV 95.6 MPH)
|
|
Batting: SHB Matt Gallegos
|
0-0: Called Strike 0-1: Foul Ball, location: 2F 0-2: Strikes out swinging
|
|
Batting: RHB Randy Asadoor
|
0-0: Ball 1-0: Called Strike 1-1: Foul Ball, location: 2F 1-2: Ball 2-2: Ball 3-2: Ground out 4-3 (Groundball, 4S, EV 80.6 MPH)
|
| Bottom of the 1st over - 0 runs, 0 hits, 0 errors, 0 left on base; Waterloo 0 - Appleton 0 |
| TOP OF THE 2ND |
|
Waterloo Hawks batting - Pitching for Appleton Foxes : RHP Mike Trujillo
|
|
Batting: RHB Carmelo Aguayo
|
0-0: Called Strike 0-1: Ground out 5-3 (Groundball, 56, EV 103.8 MPH)
|
|
Batting: RHB Jay Loviglio
|
0-0: Ball 1-0: Ball 2-0: Called Strike 2-1: Foul Ball, location: 2F 2-2: Ball 3-2: Ground out 6-3 (Groundball, 6, EV 86.9 MPH)
|
|
Batting: LHB Burk Goldthorn
|
0-0: Ball 1-0: Called Strike 1-1: Fly out, F3 (Flyball, 3D, EV 80.6 MPH)
|
| Top of the 2nd over - 0 runs, 0 hits, 0 errors, 0 left on base; Waterloo 0 - Appleton 0 |
| BOTTOM OF THE 2ND |
|
Appleton Foxes batting - Pitching for Waterloo Hawks : RHP Albert Arrieta
|
|
Batting: RHB George Hinshaw
|
0-0: Foul Ball, location: 2F 0-1: Ball 1-1: Swinging Strike 1-2: Foul Ball, location: 2F 1-2: SINGLE (Groundball, 56D, EV 98.1 MPH)
|
|
Batting: RHB Victor Mata
|
0-0: Swinging Strike 0-1: Ball 1-1: Ball 2-1: Called Strike 2-2: Strikes out swinging
|
|
Batting: LHB John Csefalvay
|
0-0: Ball 1-0: Called Strike 1-1: Ball 2-1: SINGLE (Groundball, 34D, EV 100.0 MPH) George Hinshaw to second Runner from 2nd tries for 3rd, SAFE, no throw by RF
|
|
Batting: RHB Howard Lopes
|
0-0: Ball John Csefalvay is caught stealing 2nd base 2-4 1-0: Ground out 6-3 (Groundball, 6, EV 102.5 MPH)
|
| Bottom of the 2nd over - 0 runs, 2 hits, 0 errors, 1 left on base; Waterloo 0 - Appleton 0 |
| TOP OF THE 3RD |
|
Waterloo Hawks batting - Pitching for Appleton Foxes : RHP Mike Trujillo
|
|
Batting: RHB Michael Williams
|
0-0: Ball 1-0: Called Strike 1-1: Swinging Strike 1-2: Foul Ball, location: 2F 1-2: Ball 2-2: Foul Ball, location: 2F 2-2: Ball 3-2: Base on Balls
|
|
Batting: RHB Kean Rich
|
0-0: Foul Ball, location: 2F 0-1: Called Strike 0-2: Ball 1-2: Ball 2-2: Ball 3-2: Fly out, F8 (Flyball, 89M, EV 87.5 MPH)
|
|
Batting: RHB David Cusack
|
0-0: Ball 1-0: Foul Ball, location: 2F 1-1: Ball 2-1: Ball 3-1: Base on Balls Michael Williams to second
|
|
Batting: RHB Edward Irvine
|
0-0: Ball 1-0: Called Strike 1-1: Swinging Strike 1-2: Fielders Choice at 2nd, 5-4 (Groundball, 56, EV 104.4 MPH) Michael Williams to third
|
|
Batting: RHB Mark Sheehy
|
0-0: Fielders Choice at 2nd, 5-4 (Groundball, 56, EV 103.8 MPH)
|
| Top of the 3rd over - 0 runs, 0 hits, 0 errors, 2 left on base; Waterloo 0 - Appleton 0 |
| BOTTOM OF THE 3RD |
|
Appleton Foxes batting - Pitching for Waterloo Hawks : RHP Albert Arrieta
|
|
Batting: RHB Mike Nipper
|
0-0: Foul Ball, location: 2F 0-1: Ball 1-1: Called Strike 1-2: Ball 2-2: Strikes out looking
|
|
Batting: RHB Philip Sutton
|
0-0: Fly out, F7 (Line Drive, 7, EV 96.9 MPH)
|
|
Batting: LHB Mike Woodard
|
0-0: Ball 1-0: Ball 2-0: Swinging Strike 2-1: Ball 3-1: Called Strike 3-2: Foul Ball, location: 2F 3-2: Ground out 3-1 (Groundball, 34, EV 81.3 MPH)
|
| Bottom of the 3rd over - 0 runs, 0 hits, 0 errors, 0 left on base; Waterloo 0 - Appleton 0 |
| TOP OF THE 4TH |
|
Waterloo Hawks batting - Pitching for Appleton Foxes : RHP Mike Trujillo
|
|
Pitching: RHP John McGuckin
|
|
|
Batting: RHB Tony Evans
|
0-0: Ball 1-0: Ball 2-0: Foul Ball, location: 2F 2-1: Called Strike 2-2: Strikes out swinging
|
|
Batting: RHB Carmelo Aguayo
|
0-0: Swinging Strike 0-1: Foul Ball, location: 2F 0-2: Ball 1-2: SINGLE (Line Drive, 89M, EV 94.4 MPH)
|
|
Batting: RHB Jay Loviglio
|
0-0: Called Strike 0-1: Ball 1-1: Grounds into double play, 6-4-3 (Groundball, 6, EV 80.6 MPH)
|
| Top of the 4th over - 0 runs, 1 hit, 0 errors, 0 left on base; Waterloo 0 - Appleton 0 |
| BOTTOM OF THE 4TH |
|
Appleton Foxes batting - Pitching for Waterloo Hawks : RHP Albert Arrieta
|
|
Batting: SHB Matt Gallegos
|
0-0: Ball 1-0: Foul Ball, location: 2F 1-1: Foul Ball, location: 2F 1-2: Ground out 4-3 (Groundball, 4, EV 86.3 MPH)
|
|
Batting: RHB Randy Asadoor
|
0-0: Called Strike 0-1: Ball 1-1: Fly out, F8 (Line Drive, 8RM, EV 95.0 MPH)
|
|
Batting: RHB George Hinshaw
|
0-0: Ground out 5-3 (Groundball, 56, EV 81.3 MPH)
|
| Bottom of the 4th over - 0 runs, 0 hits, 0 errors, 0 left on base; Waterloo 0 - Appleton 0 |
| TOP OF THE 5TH |
|
Waterloo Hawks batting - Pitching for Appleton Foxes : RHP John McGuckin
|
|
Batting: LHB Burk Goldthorn
|
0-0: Ball 1-0: Ball 2-0: Called Strike 2-1: Foul Ball, location: 2F 2-2: Ground out U3 (Groundball, 3, EV 90.0 MPH)
|
|
Batting: RHB Michael Williams
|
0-0: Called Strike 0-1: Foul Ball, location: 2F 0-2: Ball 1-2: Fly out, F8 (Flyball, 8RM, EV 90.6 MPH)
|
|
Batting: RHB Kean Rich
|
0-0: Ball 1-0: Called Strike 1-1: Foul Ball, location: 2F 1-2: Ball 2-2: Strikes out swinging
|
| Top of the 5th over - 0 runs, 0 hits, 0 errors, 0 left on base; Waterloo 0 - Appleton 0 |
| BOTTOM OF THE 5TH |
|
Appleton Foxes batting - Pitching for Waterloo Hawks : RHP Albert Arrieta
|
|
Batting: RHB Victor Mata
|
0-0: Ground out 4-3 (Groundball, 4, EV 102.5 MPH)
|
|
Batting: LHB John Csefalvay
|
0-0: Ball 1-0: Fly out, F7 (Flyball, 7S, EV 90.0 MPH)
|
|
Batting: RHB Howard Lopes
|
0-0: Called Strike 0-1: Ground out 6-3 (Groundball, 6, EV 86.9 MPH)
|
| Bottom of the 5th over - 0 runs, 0 hits, 0 errors, 0 left on base; Waterloo 0 - Appleton 0 |
| TOP OF THE 6TH |
|
Waterloo Hawks batting - Pitching for Appleton Foxes : RHP John McGuckin
|
|
Batting: RHB David Cusack
|
0-0: Called Strike 0-1: Fly out, F7 (Flyball, 7LD, EV 101.9 MPH)
|
|
Batting: RHB Edward Irvine
|
0-0: Ground out 6-3 (Groundball, 56, EV 101.3 MPH)
|
|
Batting: RHB Mark Sheehy
|
0-0: Ball 1-0: Called Strike 1-1: Called Strike 1-2: Foul Ball, location: 2F 1-2: Strikes out swinging
|
| Top of the 6th over - 0 runs, 0 hits, 0 errors, 0 left on base; Waterloo 0 - Appleton 0 |
| BOTTOM OF THE 6TH |
|
Appleton Foxes batting - Pitching for Waterloo Hawks : RHP Albert Arrieta
|
|
Batting: RHB Mike Nipper
|
0-0: Ball 1-0: Swinging Strike 1-1: Foul Ball, location: 2F 1-2: Fly out, F9 (Flyball, 9D, EV 100.6 MPH)
|
|
Batting: RHB Philip Sutton
|
0-0: Ball 1-0: Fly out, F9 (Flyball, 9LS, EV 83.8 MPH)
|
|
Batting: LHB Mike Woodard
|
0-0: Ball 1-0: Ball 2-0: SINGLE (Line Drive, 8LS, EV 106.9 MPH)
|
|
Batting: SHB Matt Gallegos
|
0-0: Foul Ball, location: 2F 0-1: Fly out, F7 (Flyball, 7LS, EV 91.3 MPH)
|
| Bottom of the 6th over - 0 runs, 1 hit, 0 errors, 1 left on base; Waterloo 0 - Appleton 0 |
| TOP OF THE 7TH |
|
Waterloo Hawks batting - Pitching for Appleton Foxes : RHP John McGuckin
|
|
Batting: RHB Tony Evans
|
0-0: Swinging Strike 0-1: Foul Ball, location: 2F 0-2: Strikes out looking
|
|
Batting: RHB Carmelo Aguayo
|
0-0: Ground out 4-3 (Groundball, 4M, EV 83.8 MPH)
|
|
Batting: RHB Jay Loviglio
|
0-0: Ball 1-0: Ball 2-0: Ground out 5-3 (Groundball, 56S, EV 83.8 MPH)
|
| Top of the 7th over - 0 runs, 0 hits, 0 errors, 0 left on base; Waterloo 0 - Appleton 0 |
| BOTTOM OF THE 7TH |
|
Appleton Foxes batting - Pitching for Waterloo Hawks : RHP Albert Arrieta
|
|
Batting: RHB Randy Asadoor
|
0-0: Ball 1-0: Swinging Strike 1-1: Swinging Strike 1-2: Foul Ball, location: 2F 1-2: Strikes out swinging
|
|
Batting: RHB George Hinshaw
|
0-0: Ball 1-0: SINGLE (Line Drive, 4MD, EV 98.1 MPH)
|
|
Batting: RHB Victor Mata
|
0-0: Ball 1-0: Ball 2-0: Called Strike 2-1: DOUBLE (Line Drive, 89M, EV 107.5 MPH) George Hinshaw to third Runner from 3rd tries for Home, SAFE, throw by RF to home
|
|
Batting: LHB John Csefalvay
|
0-0: Intentional Walk
|
|
Batting: RHB Howard Lopes
|
0-0: Ground out 4-3 (Groundball, 4MD, EV 106.3 MPH) Victor Mata to third John Csefalvay to second
|
|
Batting: RHB Mike Nipper
|
0-0: Ball 1-0: Foul Ball, location: 2F 1-1: Fly out, F4 (Flyball, 34D, EV 93.1 MPH)
|
| Bottom of the 7th over - 1 run, 2 hits, 0 errors, 2 left on base; Waterloo 0 - Appleton 1 |
| TOP OF THE 8TH |
|
Waterloo Hawks batting - Pitching for Appleton Foxes : RHP John McGuckin
|
|
Batting: LHB Burk Goldthorn
|
0-0: Ball 1-0: Ball 2-0: Ball 3-0: Base on Balls
|
|
Pitching: RHP John McLarnan
|
|
|
Batting: RHB Michael Williams
|
0-0: Called Strike 0-1: Ball 1-1: Called Strike 1-2: Strikes out swinging
|
|
Batting: RHB Kean Rich
|
0-0: Ball 1-0: Swinging Strike 1-1: Foul Ball, location: 2F 1-2: Ball 2-2: Ball 3-2: Foul Ball, location: 2F 3-2: Strikes out swinging
|
|
Pinch Hitting: LHB Bruce Humphrey
|
0-0: Swinging Strike 0-1: SINGLE (Groundball, 34D, EV 107.5 MPH) Burk Goldthorn to second Runner from 2nd tries for 3rd, SAFE, no throw by RF
|
|
Batting: RHB Edward Irvine
|
0-0: Called Strike 0-1: Called Strike 0-2: Ball 1-2: Ball 2-2: Strikes out looking
|
| Top of the 8th over - 0 runs, 1 hit, 0 errors, 2 left on base; Waterloo 0 - Appleton 1 |
| BOTTOM OF THE 8TH |
|
Appleton Foxes batting - Pitching for Waterloo Hawks : RHP Albert Arrieta
|
|
Now in CF: Daniel Keck
|
|
|
Batting: RHB Philip Sutton
|
0-0: Foul Ball, location: 2F 0-1: Foul Ball, location: 2F 0-2: Foul Ball, location: 2F 0-2: SINGLE (Flyball, 8LS, EV 83.1 MPH)
|
|
Batting: LHB Mike Woodard
|
0-0: Called Strike 0-1: Ball 1-1: Foul Ball, location: 2F 1-2: DOUBLE (Line Drive, 89D, EV 108.1 MPH) Philip Sutton to third
|
|
Batting: SHB Matt Gallegos
|
0-0: Ball 1-0: Called Strike 1-1: Swinging Strike 1-2: Ball 2-2: Foul Ball, location: 2F 2-2: Foul Ball, location: 2F 2-2: Ball 3-2: Base on Balls
|
|
Batting: RHB Randy Asadoor
|
0-0: Ball 1-0: Ball 2-0: Foul Ball, location: 2F 2-1: Foul Ball, location: 2F 2-2: Foul Ball, location: 2F 2-2: Grounds into fielders choice 6-2 (Groundball, 6, EV 110.0 MPH) Mike Woodard to third Matt Gallegos to second
|
|
Batting: RHB George Hinshaw
|
0-0: Ball 1-0: Ball 2-0: Swinging Strike 2-1: Grounds into fielders choice 6-2 (Groundball, 6, EV 83.1 MPH) Matt Gallegos to third Randy Asadoor to second
|
|
Batting: RHB Victor Mata
|
0-0: Ball 1-0: Called Strike 1-1: Swinging Strike 1-2: Strikes out swinging
|
| Bottom of the 8th over - 0 runs, 2 hits, 0 errors, 3 left on base; Waterloo 0 - Appleton 1 |
| TOP OF THE 9TH |
|
Waterloo Hawks batting - Pitching for Appleton Foxes : RHP John McLarnan
|
|
Pitching: RHP Jaime Cocanower
|
|
|
Batting: RHB Mark Sheehy
|
0-0: Ball 1-0: Ball 2-0: Ball 3-0: Called Strike 3-1: Base on Balls
|
|
Batting: RHB Tony Evans
|
0-0: Ball 1-0: Ground out 4-3 (Groundball, 34D, EV 83.1 MPH) Mark Sheehy to second
|
|
Batting: RHB Carmelo Aguayo
|
0-0: Called Strike 0-1: Ball 1-1: Fly out, F6 (Popup, 4MD, EV 73.1 MPH)
|
|
Batting: RHB Jay Loviglio
|
0-0: Swinging Strike 0-1: Ball 1-1: Called Strike 1-2: Ground out 5-3 (Groundball, 56, EV 87.5 MPH)
|
| Top of the 9th over - 0 runs, 0 hits, 0 errors, 1 left on base; Waterloo 0 - Appleton 1 |
|